| TOP OF THE 1ST |
|
Lakeland Pilots batting - Pitching for Daytona Beach Islanders : LHP Frank Miloszewski
|
|
Pitching: LHP Frank Miloszewski
|
|
|
Batting: RHB Tom Goffena
|
0-0: Swinging Strike 0-1: Foul Ball, location: 2F 0-2: Foul Ball, location: 2F 0-2: Strikes out swinging
|
|
Batting: RHB Glenn Carpenter
|
0-0: Ball 1-0: SINGLE (Groundball, 34D, EV 107.5 MPH)
|
|
Batting: RHB Dave C Anderson
|
0-0: Ball 1-0: Ball 2-0: Called Strike 2-1: Swinging Strike 2-2: Foul Ball, location: 2F 2-2: Fielders Choice at 2nd, 1-6 (Groundball, 13S, EV 65.0 MPH)
|
|
Batting: RHB Jerry Lomastro
|
0-0: Ball 1-0: Ball 2-0: Called Strike 2-1: Foul Ball, location: 2F 2-2: Ball 3-2: Foul Ball, location: 2F 3-2: Strikes out looking
|
| Top of the 1st over - 0 runs, 1 hit, 0 errors, 1 left on base; Lakeland 0 - Daytona Beach 0 |
| BOTTOM OF THE 1ST |
|
Daytona Beach Islanders batting - Pitching for Lakeland Pilots : RHP Scott Patterson
|
|
Pitching: RHP Scott Patterson
|
|
|
Batting: SHB Michael Frierson
|
0-0: Foul Ball, location: 2F 0-1: SINGLE (Flyball, 8LS, EV 85.0 MPH)
|
|
Batting: RHB Kalvin Adams
|
0-0: Called Strike Michael Frierson steals 2nd base 0-1: Ground out 4-3 (Groundball, 4, EV 78.1 MPH) Michael Frierson to third
|
|
Batting: SHB Randle Granger
|
0-0: Foul Ball, location: 2F 0-1: Ball 1-1: Foul Ball, location: 2F 1-2: Strikes out swinging
|
|
Batting: RHB Steven Houlberg
|
0-0: Called Strike 0-1: Ground out U3 (Groundball, 34, EV 78.1 MPH)
|
| Bottom of the 1st over - 0 runs, 1 hit, 0 errors, 1 left on base; Lakeland 0 - Daytona Beach 0 |
| TOP OF THE 2ND |
|
Lakeland Pilots batting - Pitching for Daytona Beach Islanders : LHP Frank Miloszewski
|
|
Batting: RHB Larry Kiesling
|
0-0: Ball 1-0: Foul Ball, location: 2F 1-1: Swinging Strike 1-2: SINGLE (Line Drive, 6D, EV 103.1 MPH)
|
|
Batting: RHB Jim McArdle
|
0-0: Ball 1-0: Ball 2-0: Ball 3-0: Base on Balls Larry Kiesling to second
|
|
Batting: RHB Luis Handal
|
0-0: Called Strike 0-1: Ball 1-1: Ball 2-1: Foul Ball, location: 2F 2-2: Ball 3-2: Foul Ball, location: 2F 3-2: Foul Ball, location: 2F 3-2: Fly out, F9 (Line Drive, 9, EV 85.0 MPH)
|
|
Batting: RHB Dennis Delany
|
0-0: Called Strike 0-1: Fly out, F8 (Flyball, 8RD, EV 91.3 MPH) Runner from 2nd tags up, SAFE at 3rd with throw by CF
|
|
Batting: LHB Mike Botkin
|
0-0: Ball 1-0: Foul Ball, location: 2F 1-1: Called Strike 1-2: Ball 2-2: Strikes out swinging
|
| Top of the 2nd over - 0 runs, 1 hit, 0 errors, 2 left on base; Lakeland 0 - Daytona Beach 0 |
| BOTTOM OF THE 2ND |
|
Daytona Beach Islanders batting - Pitching for Lakeland Pilots : RHP Scott Patterson
|
|
Batting: RHB Michael Lavery
|
0-0: Called Strike 0-1: Foul Ball, location: 2F 0-2: Strikes out looking
|
|
Batting: RHB Steven Roberts
|
0-0: Called Strike 0-1: Fly out, F8 (Flyball, 89D, EV 93.8 MPH)
|
|
Batting: RHB Jeffrey Coker
|
0-0: Ball 1-0: Ground out 4-3 (Groundball, 4, EV 87.5 MPH)
|
| Bottom of the 2nd over - 0 runs, 0 hits, 0 errors, 0 left on base; Lakeland 0 - Daytona Beach 0 |
| TOP OF THE 3RD |
|
Lakeland Pilots batting - Pitching for Daytona Beach Islanders : LHP Frank Miloszewski
|
|
Batting: RHB Tom Goffena
|
0-0: Foul Ball, location: 2F 0-1: Ball 1-1: Ball 2-1: Reached on error, E6 (Groundball, 6, EV 107.5 MPH)
|
|
Batting: RHB Glenn Carpenter
|
0-0: Called Strike 0-1: Called Strike 0-2: Ball 1-2: Ball 2-2: Fly out, F8 (Flyball, 89S, EV 75.0 MPH)
|
|
Batting: RHB Dave C Anderson
|
0-0: Ball 1-0: Foul Ball, location: 2F 1-1: Ground out U3 (Groundball, 3S, EV 71.3 MPH) Tom Goffena to second
|
|
Batting: RHB Jerry Lomastro
|
0-0: Ball 1-0: Ball 2-0: Ball 3-0: Foul Ball, location: 2F 3-1: Base on Balls
|
|
Batting: RHB Larry Kiesling
|
0-0: Ball 1-0: Swinging Strike 1-1: Foul Ball, location: 2F 1-2: Foul Ball, location: 2F 1-2: Strikes out swinging
|
| Top of the 3rd over - 0 runs, 0 hits, 1 error, 2 left on base; Lakeland 0 - Daytona Beach 0 |
| BOTTOM OF THE 3RD |
|
Daytona Beach Islanders batting - Pitching for Lakeland Pilots : RHP Scott Patterson
|
|
Batting: RHB Robert Whitfield
|
0-0: Ball 1-0: Ball 2-0: Called Strike 2-1: Foul Ball, location: 2F 2-2: Ground out 6-3 (Groundball, 6, EV 82.5 MPH)
|
|
Batting: RHB Tarry Boelter
|
0-0: Ball 1-0: Ball 2-0: Called Strike 2-1: Foul Ball, location: 2F 2-2: SINGLE (Groundball, 6MD, EV 98.8 MPH)
|
|
Batting: SHB Michael Frierson
|
0-0: Ball 1-0: Ball 2-0: Foul Ball, location: 2F 2-1: Foul Ball, location: 2F 2-2: Ball 3-2: Foul Ball, location: 2F 3-2: SINGLE (Line Drive, 3, EV 73.8 MPH) (infield hit) Tarry Boelter to second
|
|
Batting: RHB Kalvin Adams
|
0-0: Fielders Choice at 2nd, 5-4 (Groundball, 56, EV 91.3 MPH) Tarry Boelter to third
|
|
Batting: SHB Randle Granger
|
0-0: Ball 1-0: Called Strike Pickoff Throw to First - Out! 1-3
|
| Bottom of the 3rd over - 0 runs, 2 hits, 0 errors, 1 left on base; Lakeland 0 - Daytona Beach 0 |
| TOP OF THE 4TH |
|
Lakeland Pilots batting - Pitching for Daytona Beach Islanders : LHP Frank Miloszewski
|
|
Batting: RHB Jim McArdle
|
0-0: Called Strike 0-1: Foul Ball, location: 2F 0-2: Foul Ball, location: 2F 0-2: Fly out, F8 (Flyball, 78XD, EV 106.9 MPH)
|
|
Batting: RHB Luis Handal
|
0-0: Ground out 5-3 (Groundball, 15, EV 84.4 MPH)
|
|
Batting: RHB Dennis Delany
|
0-0: Ball 1-0: Foul Ball, location: 2F 1-1: Ground out 3-1 (Groundball, 34S, EV 85.0 MPH)
|
| Top of the 4th over - 0 runs, 0 hits, 0 errors, 0 left on base; Lakeland 0 - Daytona Beach 0 |
| BOTTOM OF THE 4TH |
|
Daytona Beach Islanders batting - Pitching for Lakeland Pilots : RHP Scott Patterson
|
|
Batting: SHB Randle Granger
|
0-0: Ball 1-0: Ball 2-0: Ball 3-0: Base on Balls
|
|
Batting: RHB Steven Houlberg
|
0-0: Ball 1-0: Fly out, F6 (Flyball, 56D, EV 82.5 MPH)
|
|
Batting: RHB Michael Lavery
|
0-0: Ball 1-0: Called Strike Randle Granger steals 2nd base 1-1: Foul Ball, location: 2F 1-2: Ball 2-2: Ball 3-2: Foul Ball, location: 2F 3-2: DOUBLE (Flyball, 8LXD, EV 95.0 MPH) Randle Granger scores
|
|
Batting: RHB Steven Roberts
|
0-0: Called Strike 0-1: Ground out 5-3 (Groundball, 56S, EV 61.9 MPH) Michael Lavery to third
|
|
Batting: RHB Jeffrey Coker
|
0-0: Ball 1-0: Ball 2-0: Called Strike 2-1: Foul Ball, location: 2F 2-2: Fly out, F8 (Flyball, 89M, EV 81.9 MPH)
|
| Bottom of the 4th over - 1 run, 1 hit, 0 errors, 1 left on base; Lakeland 0 - Daytona Beach 1 |
| TOP OF THE 5TH |
|
Lakeland Pilots batting - Pitching for Daytona Beach Islanders : LHP Frank Miloszewski
|
|
Batting: LHB Mike Botkin
|
0-0: Ball 1-0: SINGLE (Flyball, 4D, EV 83.8 MPH)
|
|
Batting: RHB Tom Goffena
|
0-0: Bunt missed! 0-1: Sac Bunt to 23 - play at first, batter OUT! 3-4 Mike Botkin to second
|
|
Batting: RHB Glenn Carpenter
|
0-0: Fly out, F8 (Flyball, 8LXD, EV 108.1 MPH) Runner from 2nd tags up, SAFE at 3rd, no throw by CF
|
|
Batting: RHB Dave C Anderson
|
0-0: Ball 1-0: Called Strike 1-1: Ball 2-1: Ball 3-1: Base on Balls
|
|
Batting: RHB Jerry Lomastro
|
0-0: Ball 1-0: SINGLE (Line Drive, 89M, EV 91.9 MPH) Mike Botkin scores Dave C Anderson to second Runner from 2nd tries for 3rd, SAFE, throw by RF made to third
|
|
Batting: RHB Larry Kiesling
|
0-0: Called Strike 0-1: DOUBLE (Flyball, 89D, EV 100.6 MPH) Dave C Anderson scores Jerry Lomastro to third Runner from 3rd tries for Home, SAFE, throw by CF to trailing runner, SAFE at third!
|
|
Batting: RHB Jim McArdle
|
0-0: Swinging Strike 0-1: Ball 1-1: Ball 2-1: Foul Ball, location: 2F 2-2: Ball 3-2: Foul Ball, location: 2F 3-2: Strikes out looking
|
| Top of the 5th over - 3 runs, 3 hits, 0 errors, 1 left on base; Lakeland 3 - Daytona Beach 1 |
| BOTTOM OF THE 5TH |
|
Daytona Beach Islanders batting - Pitching for Lakeland Pilots : RHP Scott Patterson
|
|
Batting: RHB Robert Whitfield
|
0-0: Fly out, F7 (Line Drive, 7, EV 107.5 MPH)
|
|
Batting: RHB Tarry Boelter
|
0-0: Foul Ball, location: 2F 0-1: Called Strike 0-2: Strikes out swinging
|
|
Batting: SHB Michael Frierson
|
0-0: Ball 1-0: Ball 2-0: SINGLE (Groundball, 6MD, EV 112.5 MPH)
|
|
Batting: RHB Kalvin Adams
|
0-0: Fly out, F8 (Flyball, 78D, EV 110.0 MPH)
|
| Bottom of the 5th over - 0 runs, 1 hit, 0 errors, 1 left on base; Lakeland 3 - Daytona Beach 1 |
| TOP OF THE 6TH |
|
Lakeland Pilots batting - Pitching for Daytona Beach Islanders : LHP Frank Miloszewski
|
|
Batting: RHB Luis Handal
|
0-0: Called Strike 0-1: Fly out, F9 (Flyball, 89M, EV 95.0 MPH)
|
|
Batting: RHB Dennis Delany
|
0-0: Foul Ball, location: 2F 0-1: Foul Ball, location: 2F 0-2: Reached on error, E9 (Flyball, 9D, EV 102.5 MPH)
|
|
Batting: LHB Mike Botkin
|
0-0: Ball 1-0: Ball 2-0: Ball 3-0: Called Strike 3-1: Foul Ball, location: 2F 3-2: Fly out, F8 (Line Drive, 8LD, EV 91.3 MPH)
|
|
Batting: RHB Tom Goffena
|
0-0: Called Strike 0-1: Ball 1-1: Ball 2-1: Ball 3-1: Base on Balls Dennis Delany to second
|
|
Batting: RHB Glenn Carpenter
|
0-0: Ball 1-0: Foul Ball, location: 2F 1-1: Called Strike 1-2: Ball 2-2: Ball 3-2: Base on Balls Dennis Delany to third Tom Goffena to second
|
|
Batting: RHB Dave C Anderson
|
0-0: Ball 1-0: Called Strike 1-1: Ball 2-1: Fly out, F8 (Flyball, 8LD, EV 104.4 MPH)
|
| Top of the 6th over - 0 runs, 0 hits, 1 error, 3 left on base; Lakeland 3 - Daytona Beach 1 |
| BOTTOM OF THE 6TH |
|
Daytona Beach Islanders batting - Pitching for Lakeland Pilots : RHP Scott Patterson
|
|
Batting: SHB Randle Granger
|
0-0: Ground out 6-3 (Groundball, 6, EV 85.0 MPH)
|
|
Batting: RHB Steven Houlberg
|
0-0: Swinging Strike 0-1: Called Strike 0-2: SINGLE (Groundball, 4M, EV 110.0 MPH) (infield hit)
|
|
Batting: RHB Michael Lavery
|
0-0: Ball 1-0: SINGLE (Groundball, 56D, EV 102.5 MPH) Steven Houlberg to second
|
|
Batting: RHB Steven Roberts
|
0-0: Foul Ball, location: 2F 0-1: Called Strike 0-2: Strikes out swinging
|
|
Batting: RHB Jeffrey Coker
|
0-0: Called Strike 0-1: Foul Ball, location: 2F 0-2: Foul Ball, location: 2F 0-2: Ground out 6-3 (Groundball, 6S, EV 86.3 MPH)
|
| Bottom of the 6th over - 0 runs, 2 hits, 0 errors, 2 left on base; Lakeland 3 - Daytona Beach 1 |
| TOP OF THE 7TH |
|
Lakeland Pilots batting - Pitching for Daytona Beach Islanders : LHP Frank Miloszewski
|
|
Batting: RHB Jerry Lomastro
|
0-0: Called Strike 0-1: Ball 1-1: Swinging Strike 1-2: Foul Ball, location: 2F 1-2: Ball 2-2: SINGLE (Line Drive, 8RS, EV 88.8 MPH)
|
|
Batting: RHB Larry Kiesling
|
0-0: Ball 1-0: Swinging Strike 1-1: Called Strike 1-2: Fly out, F8 (Flyball, 8RD, EV 96.3 MPH)
|
|
Batting: RHB Jim McArdle
|
0-0: Foul Ball, location: 2F 0-1: Ball 1-1: Foul Ball, location: 2F 1-2: Ball 2-2: Fly out, F7 (Flyball, 7, EV 97.5 MPH)
|
|
Pitching: RHP Terry Watkins
|
|
|
Batting: RHB Luis Handal
|
0-0: SINGLE (Line Drive, 8RS, EV 101.3 MPH) Jerry Lomastro to second Runner from 2nd tries for 3rd, SAFE, no throw by CF
|
|
Batting: RHB Dennis Delany
|
0-0: Called Strike 0-1: Ball 1-1: Swinging Strike 1-2: Fly out, F9 (Line Drive, 9, EV 105.0 MPH)
|
| Top of the 7th over - 0 runs, 2 hits, 0 errors, 2 left on base; Lakeland 3 - Daytona Beach 1 |
| BOTTOM OF THE 7TH |
|
Daytona Beach Islanders batting - Pitching for Lakeland Pilots : RHP Scott Patterson
|
|
Batting: RHB Robert Whitfield
|
0-0: Ball 1-0: Called Strike 1-1: Foul Ball, location: 2F 1-2: Foul Ball, location: 2F 1-2: Ball 2-2: Strikes out swinging
|
|
Batting: RHB Tarry Boelter
|
0-0: Ball 1-0: Ball 2-0: Foul Ball, location: 2F 2-1: Ball 3-1: Ground out 6-3 (Groundball, 6S, EV 67.5 MPH)
|
|
Batting: SHB Michael Frierson
|
0-0: Called Strike 0-1: Ball 1-1: Foul Ball, location: 2F 1-2: Ball 2-2: Strikes out swinging
|
| Bottom of the 7th over - 0 runs, 0 hits, 0 errors, 0 left on base; Lakeland 3 - Daytona Beach 1 |
| TOP OF THE 8TH |
|
Lakeland Pilots batting - Pitching for Daytona Beach Islanders : RHP Terry Watkins
|
|
Batting: LHB Mike Botkin
|
0-0: Ball 1-0: Ball 2-0: Fly out, F8 (Flyball, 89D, EV 79.4 MPH)
|
|
Batting: RHB Tom Goffena
|
0-0: Called Strike 0-1: Ball 1-1: Called Strike 1-2: Strikes out swinging
|
|
Batting: RHB Glenn Carpenter
|
0-0: Fly out, F3 (Popup, 3SF, EV 71.3 MPH)
|
| Top of the 8th over - 0 runs, 0 hits, 0 errors, 0 left on base; Lakeland 3 - Daytona Beach 1 |
| BOTTOM OF THE 8TH |
|
Daytona Beach Islanders batting - Pitching for Lakeland Pilots : RHP Scott Patterson
|
|
Batting: RHB Kalvin Adams
|
0-0: Ball 1-0: Foul Ball, location: 2F 1-1: Foul Ball, location: 2F 1-2: Strikes out swinging
|
|
Batting: SHB Randle Granger
|
0-0: Ground out 6-3 (Groundball, 6, EV 104.4 MPH)
|
|
Batting: RHB Steven Houlberg
|
0-0: Called Strike 0-1: Ball 1-1: Hit by Pitch
|
|
Batting: RHB Michael Lavery
|
0-0: Ball 1-0: 2-RUN HOME RUN (Flyball, 7D, EV 96.9 MPH), Distance : 359 ft
|
|
Batting: RHB Steven Roberts
|
0-0: Ball 1-0: Ball 2-0: SINGLE (Line Drive, 89S, EV 99.4 MPH)
|
|
Batting: RHB Jeffrey Coker
|
0-0: Called Strike 0-1: Ground out 5-3 (Groundball, 56S, EV 68.8 MPH)
|
| Bottom of the 8th over - 2 runs, 2 hits, 0 errors, 1 left on base; Lakeland 3 - Daytona Beach 3 |
| TOP OF THE 9TH |
|
Lakeland Pilots batting - Pitching for Daytona Beach Islanders : RHP Terry Watkins
|
|
Pitching: LHP Richard Ford
|
|
|
Batting: RHB Dave C Anderson
|
0-0: Ball 1-0: Foul Ball, location: 2F 1-1: Ground out 3-1 (Groundball, 34, EV 104.4 MPH)
|
|
Batting: RHB Jerry Lomastro
|
0-0: Ball 1-0: Called Strike 1-1: Ball 2-1: Ball 3-1: Base on Balls
|
|
Batting: RHB Larry Kiesling
|
0-0: Foul Ball, location: 2F 0-1: Ball 1-1: Foul Ball, location: 2F 1-2: Ball 2-2: Ground out 6-3 (Groundball, 6S, EV 64.4 MPH) Jerry Lomastro to second
|
|
Batting: RHB Jim McArdle
|
0-0: Ball 1-0: Ground out 5-3 (Groundball, 56S, EV 83.1 MPH)
|
| Top of the 9th over - 0 runs, 0 hits, 0 errors, 1 left on base; Lakeland 3 - Daytona Beach 3 |
| BOTTOM OF THE 9TH |
|
Daytona Beach Islanders batting - Pitching for Lakeland Pilots : RHP Scott Patterson
|
|
Batting: RHB Robert Whitfield
|
0-0: Called Strike 0-1: SINGLE (Line Drive, 34D, EV 97.5 MPH)
|
|
Batting: RHB Tarry Boelter
|
0-0: Sac Bunt to 13 - play at first, batter OUT! 1-4 Robert Whitfield to second
|
|
Batting: SHB Michael Frierson
|
0-0: Ball 1-0: Ball 2-0: Foul Ball, location: 2F 2-1: Ground out 4-3 (Groundball, 4S, EV 63.1 MPH) Robert Whitfield to third
|
|
Batting: RHB Kalvin Adams
|
0-0: Called Strike 0-1: SINGLE (Groundball, 34D, EV 95.0 MPH) Robert Whitfield scores
|
| Bottom of the 9th over - 1 run, 2 hits, 0 errors, 0 left on base; Lakeland 3 - Daytona Beach 4 |
|